 Dungeon Crawl Stone Soup version 0.31-a0-986-g5e6e4ef867 (webtiles) character file.

Game seed: 6190166059424775251

306 croobank the Ruffian (level 6, -7/51 HPs)
             Began as a Draconian Shapeshifter on Nov 21, 2023.
             Killed by nerve-wracking pain
             ... invoked by Grinder
              (12 damage)
             ... on level 4 of the Dungeon.
             The game lasted 00:06:25 (2568 turns).

croobank the Ruffian (Draconian Shapeshifter)       Turns: 2568, Time: 00:06:25

Health: -7/51      AC:  6    Str: 18    XL:     6   Next: 16%
Magic:  6/6        EV: 12    Int: 10    God:
Gold:   103        SH:  0    Dex: 11    Spells: 5/5 levels left

rFire   . . .        a - +0 demon blade (vamp)
rCold   + . .        (no shield)
rNeg    . . .        (body armour unavailable)
rPois   .            (helmet currently unavailable)
rElec   .            (cloak currently unavailable)
rCorr   .            i - melded +1 pair of gloves {hurl}
SInv    .            (boots currently unavailable)
Will    .....        (no amulet)
Stlth   +            f - ring of protection from cold
HPRegen 0.28/turn    (no ring)
MPRegen 0.10/turn

%: no passive effects
@: beast-form
A: beast (slay +2), AC +6, unfitting armour, cold-blooded
a: Begin Untransformation


You were on level 4 of the Dungeon.
You were a hulking beast.
You visited 1 branch of the dungeon, and saw 4 of its levels.

You collected 103 gold pieces.

Inventory:

Hand Weapons
 a - a +0 vampiric demon blade (weapon)
 b - a +0 orcbow
 g - a +2 scythe of protection
 n - a +0 sling
Armour
 i - a +1 pair of gloves of hurling (melded)
Jewellery
 f - a ring of protection from cold (left hand)
 h - a ring of protection from cold
 m - the ring of Pugaf Era {Drain rF+ rN++}
   (You took it off an orc on level 3 of the Dungeon)

   [ring of protection from fire]

   rF+:       It protects you from fire.
   rN++:      It greatly protects you from negative energy.
   Drain:     It drains your maximum health when unequipped.
Talismans
 c - a flux talisman
 e - a beast talisman (active)
Scrolls
 d - 2 scrolls of fog
Potions
 j - a potion of cancellation
 l - a potion of brilliance


   Skills:
 + Level 3.5 Fighting
 * Level 0.2 Long Blades
 + Level 3.2 Dodging
 - Level 4.2 Unarmed Combat
 + Level 4.1 Shapeshifting


You had 5 spell levels left.
You didn't know any spells.
Your spell library contained the following spells:

 Spells                   Type           Power      Damage    Failure   Level
 Summon Guardian Golem    Hex/Summ       0%         N/A       75%         3
 Volatile Blastmotes      Fire/Tloc      0%         2d10      75%         3
 Fulminant Prism          Conj/Hex       0%         3d5       98%         4
 Iskenderun's Mystic Bla  Conj/Tloc      0%         2d3       98%         4
 Orb of Destruction       Conj           0%         9d5       100%        7
 Spellforged Servitor     Conj/Summ      0%         N/A       100%        7


Dungeon Overview and Level Annotations

Branches:
Dungeon (4/15)
 Temple: D:4-7

Altars:
Elyvilon
Kikubaaqudgha

Annotations:
D:4 Grinder


Innate Abilities, Weirdness & Mutations

You are a hulking beast.
Your limbs bulge with bestial killing power. (Slay +2)
Your plain brown scales are hard. (AC +6)
You cannot fit into any form of body armour.
You are cold-blooded and may be slowed by cold attacks.


Message History

You suddenly lose the ability to move!
Grinder gestures at you.
You shrug off the repeated paralysis!
Grinder hits you but does no damage. Grinder hits you.
You writhe in agony.
Grinder gestures at you.
You shrug off the repeated paralysis!
You can move again.
You barely miss Grinder.
Grinder is severely wounded.
Grinder gestures at you.
You shrug off the repeated paralysis!
You hit Grinder but do no damage.
Grinder is severely wounded.
Grinder hits you but does no damage.
You closely miss Grinder.
Grinder is severely wounded.
Grinder closely misses you.
You closely miss Grinder.
Grinder is severely wounded.
Grinder hits you.
You writhe in agony.
Grinder hits you.
You writhe in agony.
You closely miss Grinder.
Grinder is severely wounded.
Grinder completely misses you.
You slash Grinder!
Grinder is almost dead.
Grinder hits you.
* * * LOW HITPOINT WARNING * * *
You writhe in agony.
* * * LOW HITPOINT WARNING * * *
You closely miss Grinder.
Grinder is almost dead.
Grinder hits you.
* * * LOW HITPOINT WARNING * * *
You writhe in agony.
* * * LOW HITPOINT WARNING * * *
Grinder gestures at you. Pain shoots through your body!
You die...
Grinder says, "Now the real fun starts!"

## .. ## # #. .####
#.##. .#.. ... ...
#5###.# #.##.h...#
#.......##
################.#
#............# #.#
###.#..)..####.# #.#
....<.#...####.###.#
###.#..............#
#.####>.####.#####
#.####.......#


You could see Grinder.

Vanquished Creatures
  Sigmund (D:3)
  Terence (D:2)
  An orc wizard (D:3)
  2 adders (D:3)
  2 ufetubi (D:3)
  A worm (D:3)
  2 dart slugs
  3 orcs (D:3)
  3 ball pythons
  4 bats
  2 endoplasms
  A giant cockroach (D:2)
  2 goblins
  7 hobgoblins
  6 kobolds
  3 quokkas
  4 frilled lizards
  8 rats
53 creatures vanquished.

Notes
Turn   | Place    | Note
-------+----------+-------------------------------------------
     0 | D:1      | croobank the Draconian Shapeshifter began the quest for the
                  | Orb.
     0 | D:1      | Reached XP level 1. HP: 16/16 MP: 1/1
   195 | D:1      | Reached XP level 2. HP: 23/23 MP: 2/2
  1136 | D:2      | Reached XP level 3. HP: 29/29 MP: 3/3
  1142 | D:2      | Noticed Terence
  1149 | D:2      | Killed Terence
  1350 | D:2      | Found a faded altar of an unknown god.
  1734 | D:3      | Noticed Sigmund
  1742 | D:2      | Reached XP level 4. HP: 37/37 MP: 4/4
  1871 | D:3      | Killed Sigmund
  1872 | D:3      | Reached XP level 5. HP: 28/45 MP: 5/5
  1962 | D:3      | Identified the ring of Pugaf Era {Drain rF+ rN++}
  1997 | D:3      | Reached XP level 6. HP: 33/51 MP: 6/6
  2295 | D:3      | Found an ancient bone altar of Kikubaaqudgha.
  2413 | D:3      | Found a white marble altar of Elyvilon.
  2545 | D:4      | Noticed Grinder
  2557 | D:4      | Paralysed by Grinder for 5 turns
  2568 | D:4      | Killed from afar by Grinder

Illustrated notes

Levels and vault maps discovered:
D:1:      dpeg_arrival_windows_large_door, layout_loops_cross,
          roderic_roman_lattice, roderic_serpentine_path
D:2:      layout_basic, shapermc_ecumenical_altar_mp_vishouse, uniq_terence
D:3:      layout_rooms, mainiacjoe_overflow_small_starburst, elyvilon_altar_3,
          uniq_sigmund
D:4:      layout_loops_cross, lemuel_round_altar, uniq_grinder

Skill      XL: |  1  2  3  4 |
---------------+-------------+-----
Dodging        | 2 3 |  3.2
Fighting       | 2 3 |  3.5
Unarmed Combat | 4 |  4.2
Shapeshifting  | 4 |  4.1
Long Blades    | |  0.2

Action                     |  1- 3 |  4- 6 || total
---------------------------+-------+-------++-------
  Melee: Unarmed           |    54 |       ||    54
         Tailslap          |     7 |     8 ||    15
         Punch             |     2 |     2 ||     4
         Demon blade       |    34 |   110 ||   144
Ability: Begin Untransform |     1 |       ||     1
    Use: Scroll            |       |     5 ||     5
         Potion            |       |     4 ||     4
   Stab: Sleeping          |     1 |       ||     1
 Armour: Skin              |    64 |   199 ||   263
  Dodge: Dodged            |    55 |   121 ||   176
   Form: Beast             |       |     1 ||     1

Table legend: (Time is in decaauts)
 A = Elapsed time spent in this place.
 B = Non-inter-level travel time spent in this place.
 C = Inter-level travel time spent in this place.
 D = Time resting spent in this place.
 E = Time spent auto-exploring this place.
 F = Levels seen in this place.
 G = Mean time per level.
                   A        B        C        D        E       F      G
               +--------+--------+--------+--------+--------+-----+--------+
         Total |   2610 |   2483 |    127 |    298 |   1646 |   4 |  652.5 |
       Dungeon |   2610 |   2483 |    127 |    298 |   1646 |   4 |  652.5 |
               +--------+--------+--------+--------+--------+-----+--------+

Top non-repeatable levels by time:
     D:1: 964 daAuts
     D:2: 878 daAuts
     D:3: 708 daAuts
     D:4: 59 daAuts
